 Dungeon Crawl Stone Soup version 0.27-a0-1081-ge8a0a9c698 (webtiles) character file.

Game seed: 2542196893654360783

340 tardwrangler69 the Digger (level 6, -1/36 HPs)
             Began as an Octopode Earth Elementalist on Apr 25, 2021.
             Slain by an iguana (11 damage)
             ... on level 4 of the Dungeon.
             The game lasted 00:02:24 (3474 turns).

tardwrangler69 the Digger (OpEE)                    Turns: 3474, Time: 00:02:25

Health: -1/36      AC:  1    Str:  8    XL:     6   Next: 56%
Magic:  6/11       EV: 13    Int: 19    God:
Gold:   143        SH:  0    Dex: 12    Spells: 11/12 levels left

rFire    . . .     SeeInvis .   n - +3 dagger
rCold    . . .     Faith    .   (no shield)
rNeg     . . .     Spirit   .   (helmet restricted)
rPois    .         Reflect  .   (no amulet)
rElec    .         Harm     .   (no ring)
rCorr    .         Rampage  .   (no ring)
Will     .....                  (no ring)
Stlth    +++.......             (no ring)
HPRegen  0.12/turn              (no ring)
MPRegen  0.12/turn              (no ring)
                                (no ring)
                                (no ring)

@: no status effects
A: almost no armour, amphibious, 8 rings, camouflage 1, gelatinous body 1,
(nimble swimmer 1), tentacles
a: no special abilities


You were on level 4 of the Dungeon.
You visited 1 branch of the dungeon, and saw 4 of its levels.

You collected 143 gold pieces.

Inventory:

Hand Weapons
 n - a +3 dagger (weapon)
Missiles
 b - 24 stones
Jewellery
 f - a ring of flight
Scrolls
 a - a scroll of teleportation {unknown}
 d - 3 scrolls of identify {unknown}
 e - 2 scrolls of enchant weapon {unknown}
 g - 2 scrolls of immolation {unknown}
 i - 2 scrolls of magic mapping {unknown}
 k - a scroll of enchant armour {unknown}
Potions
 c - a potion of cancellation {unknown}
 h - a potion of might {unknown}
 j - a potion of resistance {unknown}
 l - a potion of haste {unknown}
 m - a potion of mutation {unknown}


   Skills:
 - Level 2.0 Dodging
 - Level 2.6 Stealth
 + Level 3.8 Spellcasting
 - Level 1.0 Transmutations
 * Level 6.1 Earth Magic


You had 11 spell levels left.
You knew the following spells:

 Your Spells              Type           Power      Damage    Failure   Level
a - Sandblast             Erth           52%        2d12      1%          1

Your spell library contained the following spells:

 Spells                   Type           Power      Damage    Failure   Level
 Passwall                 Tmut/Erth      14%        N/A       4%          2
 Stone Arrow              Conj/Erth      30%        3d8       12%         3
 Lee's Rapid Deconstruct  Erth           13%        3d10*     30%         5
 Petrify                  Tmut/Erth      17%        N/A       32%         4


Dungeon Overview and Level Annotations

Branches:
Dungeon (4/15)
 Temple: D:4-7

Altars:

Shops:
D:2 [


Innate Abilities, Weirdness & Mutations

You cannot wear most types of armour.
You are amphibious.
You can wear up to eight rings at the same time.
Your skin changes colour to match your surroundings (Stealth+).
Your rubbery body absorbs attacks. (AC +1, EV +1)
((You are camouflaged near water. (Stealth+)))
You have tentacles for arms and can constrict up to eight enemies at once.


Message History

You kill the iguana!
A jackal comes into view.
The jackal closely misses you.
Casting: Sandblast (safe; 1% risk of failure)
Confirm with . or Enter, or press ? or * to list all spells.
Aiming: Sandblast (safe; 1% risk of failure)
Press: ? - help, Shift-Dir - straight line, f - jackal
Aim: a jackal (76% to hit)
The blast of sand hits the jackal!
You kill the jackal!
The jackal barks!
A jackal comes into view.
The jackal bites you. The iguana misses you.
The jackal barks!
You hit the iguana. You grab the iguana.
The iguana is moderately wounded.
You constrict the iguana, but do no damage.
The jackal bites you. The iguana bites you!
You are too injured to fight recklessly!
Casting: Sandblast (safe; 1% risk of failure)
Confirm with . or Enter, or press ? or * to list all spells.
Aiming: Sandblast (safe; 1% risk of failure)
Press: ? - help, Shift-Dir - straight line, f - iguana
Aim: an iguana (moderately wounded, constricted by you, 100% to hit)
The blast of sand hits the iguana but does no damage.
The iguana is moderately wounded.
You constrict the iguana, but do no damage.
The jackal bites you. x2; The jackal barely misses you.
The iguana barely misses you.
Casting: Sandblast (safe; 1% risk of failure)
Confirm with . or Enter, or press ? or * to list all spells.
Aiming: Sandblast (safe; 1% risk of failure)
Press: ? - help, Shift-Dir - straight line, f/p - iguana
Aim: an iguana (moderately wounded, constricted by you, 100% to hit)
The blast of sand hits the iguana!
The iguana is almost dead.
You constrict the iguana. The jackal bites you. x2
* * * LOW HITPOINT WARNING * * *
The iguana bites you!
You die...

....# ...#######
..........
#.........
###+#+##.........
#......#h........
#......#lh.......
#......#@h$......
#.........#######
#....>....#
###.......#
#.......#
#.......#
#.......#
#.......#
#.......#


You could see an iguana and 3 jackals.

Vanquished Creatures
  A necrophage (D:3)
  A centaur (D:3)
  An iguana (D:4)
  2 orc wizards
  2 adders (D:3)
  2 dart slugs
  6 orcs
  8 endoplasms
  3 giant cockroaches
  5 goblins
  4 hobgoblins
  5 jackals
  A quokka (D:2)
  7 ball pythons
  8 bats
  3 frilled lizards
  8 kobolds
  3 rats (D:1)
70 creatures vanquished.

Notes
Turn   | Place    | Note
-------+----------+-------------------------------------------
     0 | D:1      | tardwrangler69 the Octopode Earth Elementalist began the
                  | quest for the Orb.
     0 | D:1      | Reached XP level 1. HP: 11/11 MP: 3/3
   155 | D:1      | Reached XP level 2. HP: 13/17 MP: 3/5
   607 | D:1      | Reached XP level 3. HP: 21/21 MP: 6/6
  1083 | D:2      | Found Vepeann's Antique Armour Shoppe.
  1099 | D:2      | Reached skill level 4 in Earth Magic
  1099 | D:2      | Reached XP level 4. HP: 18/27 MP: 2/8
  2317 | D:2      | Found a faded altar of an unknown god.
  2531 | D:3      | Noticed a centaur
  2538 | D:3      | Killed a centaur
  2539 | D:3      | Reached skill level 5 in Earth Magic
  2539 | D:3      | Reached XP level 5. HP: 6/31 MP: 5/9
  2540 | D:3      | Noticed a necrophage
  2545 | D:3      | Killed a necrophage
  2546 | D:3      | Reached XP level 6. HP: 4/36 MP: 1/11
  3402 | D:3      | Reached skill level 6 in Earth Magic
  3474 | D:4      | Slain by an iguana

Illustrated notes

Levels and vault maps discovered:
D:1:      onia_arrival_pentagram, layout_rooms
D:2:      layout_basic, serial_shops, shop, shapermc_ecumenical_altar_hornbeckon
D:3:      layout_loops_ring
D:4:      layout_basic, abandoned_shop, uniq_eustachio

Skill      XL: |  1  2  3  4  5  6 |
---------------+-------------------+-----
Earth Magic    | 4 5 6 |  6.1
Spellcasting   | 3 |  3.8
Dodging        | |  2.0
Stealth        | |  2.6
Transmutations | |  1.0

Action                   |  1- 3 |  4- 6 || total
-------------------------+-------+-------++-------
Melee: Unarmed           |     8 |       ||     8
       Constrict         |    15 |    11 ||    26
       Tentacles         |     7 |     9 ||    16
       Short sword       |    36 |    40 ||    76
       Dagger            |       |     5 ||     5
 Cast: Sandblast         |    16 |    41 ||    57
 Stab: Sleeping          |     6 |     3 ||     9
Armor: Skin              |     6 |     4 ||    10
Dodge: Dodged            |    42 |    41 ||    83

Table legend: (Time is in decaauts)
 A = Elapsed time spent in this place.
 B = Non-inter-level travel time spent in this place.
 C = Inter-level travel time spent in this place.
 D = Time resting spent in this place.
 E = Time spent auto-exploring this place.
 F = Levels seen in this place.
 G = Mean time per level.
                   A        B        C        D        E       F      G
               +--------+--------+--------+--------+--------+-----+--------+
         Total |   3479 |   3320 |    159 |      0 |   2959 |   4 |  869.8 |
       Dungeon |   3479 |   3320 |    159 |      0 |   2959 |   4 |  869.8 |
               +--------+--------+--------+--------+--------+-----+--------+

Top non-repeatable levels by time:
     D:2: 1412 daAuts
     D:3: 1052 daAuts
     D:1: 1002 daAuts
     D:4: 11 daAuts
